A
KINGSVILLE KNIGHTS @ ERIE ROADRUNNERS
04/17/2060
 
TOP OF THE 1ST
Vicksburg Dirtbags batting - Pitching for Erie Roadrunners : RHP Carson Courtney
Pitching: RHP Carson Courtney
Batting: RHB Mat Portillo 0-0: Ball
1-0: Ball
2-0: Foul Ball, location: 2F
2-1: Foul Ball, location: 2F
2-2: Ground out 6-3 (Groundball, 6, EV 111.2 MPH)
Batting: RHB Kenya Kindahl 0-0: Called Strike
0-1: Swinging Strike
0-2: Ball
1-2: Ball
2-2: Foul Ball, location: 2F
2-2: Ground out 4-3 (Groundball, 4, EV 103.1 MPH)
Batting: RHB Andy Bernard 0-0: Called Strike
0-1: Foul Ball, location: 2F
0-2: Ball
1-2: Ball
2-2: SOLO HOME RUN (Flyball, 7LD, EV 96.9 MPH), Distance : 354 ft
Batting: LHB Owen Kropp 0-0: Ball
1-0: Ground out U3 (Groundball, 3L, EV 78.1 MPH)
Top of the 1st over - 1 run, 1 hit, 0 errors, 0 left on base; Vicksburg 1 - Erie 0
BOTTOM OF THE 1ST
Erie Roadrunners batting - Pitching for Vicksburg Dirtbags : RHP Wes Morgan
Pitching: RHP Wes Morgan
Batting: RHB Braydon Makris 0-0: Ball
1-0: Called Strike
1-1: Ball
2-1: Ball
3-1: Foul Ball, location: 2F
3-2: Strikes out swinging
Batting: RHB Israel Coates 0-0: Called Strike
0-1: Foul Ball, location: 2F
0-2: Ball
1-2: Ground out 4-3 (Groundball, 34, EV 87.5 MPH)
Batting: RHB Chandler Penrod 0-0: Ball
1-0: Foul Ball, location: 2F
1-1: Swinging Strike
1-2: Ball
2-2: Ground out U3 (Groundball, 34, EV 96.9 MPH)
Bottom of the 1st over - 0 runs, 0 hits, 0 errors, 0 left on base; Vicksburg 1 - Erie 0
TOP OF THE 2ND
Vicksburg Dirtbags batting - Pitching for Erie Roadrunners : RHP Carson Courtney
Batting: RHB Nathan Stiso 0-0: Ball
1-0: Ball
2-0: Called Strike
2-1: Called Strike
2-2: Foul Ball, location: 2F
2-2: Fly out, F5 (Popup, 5SF, EV 74.4 MPH)
Batting: LHB Johnathan Weeks 0-0: Ball
1-0: Ball
2-0: Fly out, F7 (Flyball, 78D, EV 96.2 MPH)
Batting: RHB LaVonne Koo 0-0: Ball
1-0: Foul Ball, location: 2F
1-1: Ball
2-1: Ground out 4-3 (Groundball, 4D, EV 83.8 MPH)
Top of the 2nd over - 0 runs, 0 hits, 0 errors, 0 left on base; Vicksburg 1 - Erie 0
BOTTOM OF THE 2ND
Erie Roadrunners batting - Pitching for Vicksburg Dirtbags : RHP Wes Morgan
Batting: SHB Spencer Buccheri 0-0: Foul Ball, location: 2F
0-1: Ball
1-1: Foul Ball, location: 2F
1-2: Ball
2-2: Foul Ball, location: 2F
2-2: Strikes out swinging
Batting: LHB Blake Coursey 0-0: Ball
1-0: Ball
2-0: Ball
3-0: Base on Balls
Batting: LHB Tom McNew 0-0: Ball
1-0: Swinging Strike
1-1: Foul Ball, location: 2F
1-2: Ball
2-2: SINGLE (Groundball, 4MD, EV 99.4 MPH)
Blake Coursey to second
Batting: RHB Townes Zhan 0-0: Called Strike
0-1: Foul Ball, location: 2F
0-2: Ball
1-2: DOUBLE (Flyball, 89D, EV 106.9 MPH)
Blake Coursey scores
Tom McNew to third
Batting: LHB Brendan Anderson 0-0: Foul Ball, location: 2F
0-1: Called Strike
0-2: Ball
1-2: Hit by Pitch
Batting: RHB Tre Daalhuizen 0-0: Ball
1-0: Fielders Choice at 2nd, 5-4 (Groundball, 5, EV 87.5 MPH)
Tom McNew scores
Townes Zhan to third
Batting: RHB Braydon Makris 0-0: Ball
1-0: Ball
2-0: Ball
3-0: Base on Balls
Tre Daalhuizen to second
Batting: RHB Israel Coates 0-0: Fly out, F6 (Line Drive, 6, EV 68.1 MPH)
Bottom of the 2nd over - 2 runs, 2 hits, 0 errors, 3 left on base; Vicksburg 1 - Erie 2
TOP OF THE 3RD
Vicksburg Dirtbags batting - Pitching for Erie Roadrunners : RHP Carson Courtney
Batting: LHB Samuel Hamblin 0-0: Fly out, F9 (Flyball, 9LM, EV 92.5 MPH)
Batting: RHB Riley Rockow 0-0: Called Strike
0-1: Ball
1-1: DOUBLE (Groundball, 5L, EV 101.9 MPH)
Batting: RHB Mat Portillo 0-0: Ball
1-0: Foul Ball, location: 2F
1-1: Swinging Strike
1-2: Strikes out looking
Batting: RHB Kenya Kindahl 0-0: Called Strike
0-1: Swinging Strike
0-2: Strikes out looking
Top of the 3rd over - 0 runs, 1 hit, 0 errors, 1 left on base; Vicksburg 1 - Erie 2
BOTTOM OF THE 3RD
Erie Roadrunners batting - Pitching for Vicksburg Dirtbags : RHP Wes Morgan
Batting: RHB Chandler Penrod 0-0: Called Strike
0-1: Ball
1-1: Called Strike
1-2: Ball
2-2: Strikes out swinging
Batting: SHB Spencer Buccheri 0-0: Ball
1-0: Swinging Strike
1-1: Foul Ball, location: 2F
1-2: Ball
2-2: Ball
3-2: Foul Ball, location: 2F
3-2: Foul Ball, location: 2F
3-2: Strikes out looking
Batting: LHB Blake Coursey 0-0: Called Strike
0-1: Foul Ball, location: 2F
0-2: Ball
1-2: Ball
2-2: Foul Ball, location: 2F
2-2: Ground out 4-3 (Groundball, 34, EV 88.8 MPH)
Bottom of the 3rd over - 0 runs, 0 hits, 0 errors, 0 left on base; Vicksburg 1 - Erie 2
TOP OF THE 4TH
Vicksburg Dirtbags batting - Pitching for Erie Roadrunners : RHP Carson Courtney
Batting: RHB Andy Bernard 0-0: Fly out, F8 (Flyball, 8RXD, EV 103.1 MPH)
Batting: LHB Owen Kropp 0-0: Fly out, F9 (Flyball, 9S, EV 81.2 MPH)
Batting: RHB Nathan Stiso 0-0: Called Strike
0-1: Ball
1-1: Called Strike
1-2: SINGLE (Line Drive, 56, EV 102.5 MPH)
Batting: LHB Johnathan Weeks 0-0: Ball
1-0: Called Strike
1-1: Ball
2-1: Foul Ball, location: 2F
2-2: Hit by Pitch
Nathan Stiso to second
Batting: RHB LaVonne Koo 0-0: Ball
1-0: Ball
2-0: Swinging Strike
2-1: Swinging Strike
2-2: Foul Ball, location: 2F
2-2: Strikes out swinging
Top of the 4th over - 0 runs, 1 hit, 0 errors, 2 left on base; Vicksburg 1 - Erie 2
BOTTOM OF THE 4TH
Erie Roadrunners batting - Pitching for Vicksburg Dirtbags : RHP Wes Morgan
Batting: LHB Tom McNew 0-0: Ball
1-0: Ball
2-0: Called Strike
2-1: Fly out, F4 (Popup, 4M, EV 55.0 MPH)
Batting: RHB Townes Zhan 0-0: Ball
1-0: Fly out, F8 (Line Drive, 8LD, EV 86.9 MPH)
Batting: LHB Brendan Anderson 0-0: DOUBLE (Groundball, 3L, EV 100.6 MPH)
Batting: RHB Tre Daalhuizen 0-0: Ball
1-0: Foul Ball, location: 2F
1-1: SINGLE (Line Drive, 8LS, EV 88.1 MPH)
Brendan Anderson to third
Runner from 3rd tries for Home, SAFE, throw by CF to home
Batting: RHB Braydon Makris 0-0: Fly out, F7 (Flyball, 7LSF, EV 96.2 MPH)
Bottom of the 4th over - 1 run, 2 hits, 0 errors, 1 left on base; Vicksburg 1 - Erie 3
TOP OF THE 5TH
Vicksburg Dirtbags batting - Pitching for Erie Roadrunners : RHP Carson Courtney
Batting: LHB Samuel Hamblin 0-0: Called Strike
0-1: Called Strike
0-2: Ball
1-2: Ball
2-2: Fly out, F9 (Flyball, 9, EV 95.6 MPH)
Batting: RHB Riley Rockow 0-0: Ball
1-0: Swinging Strike
1-1: Foul Ball, location: 2F
1-2: Ball
2-2: Strikes out swinging
Batting: RHB Mat Portillo 0-0: Called Strike
0-1: Called Strike
0-2: Fly out, F7 (Flyball, 78M, EV 86.9 MPH)
Top of the 5th over - 0 runs, 0 hits, 0 errors, 0 left on base; Vicksburg 1 - Erie 3
BOTTOM OF THE 5TH
Erie Roadrunners batting - Pitching for Vicksburg Dirtbags : RHP Wes Morgan
Batting: RHB Israel Coates 0-0: Fly out, F8 (Line Drive, 8LM, EV 107.5 MPH)
Batting: RHB Chandler Penrod 0-0: Ball
1-0: SINGLE (Line Drive, 56D, EV 106.9 MPH)
Batting: SHB Spencer Buccheri 0-0: Ball
1-0: Ball
2-0: Ball
3-0: Base on Balls
Chandler Penrod to second
Batting: LHB Blake Coursey 0-0: Ball
1-0: Ball
2-0: Grounds into double play, 4-6-3 (Groundball, 4, EV 83.1 MPH)
Bottom of the 5th over - 0 runs, 1 hit, 0 errors, 1 left on base; Vicksburg 1 - Erie 3
TOP OF THE 6TH
Vicksburg Dirtbags batting - Pitching for Erie Roadrunners : RHP Carson Courtney
Batting: RHB Kenya Kindahl 0-0: Ball
1-0: Ball
2-0: Fly out, F8 (Flyball, 8RS, EV 92.5 MPH)
Batting: RHB Andy Bernard 0-0: SOLO HOME RUN (Line Drive, 7LD, EV 94.4 MPH), Distance : 354 ft
Batting: LHB Owen Kropp 0-0: Ball
1-0: Fly out, F8 (Flyball, 8LM, EV 85.0 MPH)
Batting: RHB Nathan Stiso 0-0: Foul Ball, location: 2F
0-1: Ground out 6-3 (Groundball, 6S, EV 92.5 MPH)
Top of the 6th over - 1 run, 1 hit, 0 errors, 0 left on base; Vicksburg 2 - Erie 3
BOTTOM OF THE 6TH
Erie Roadrunners batting - Pitching for Vicksburg Dirtbags : RHP Wes Morgan
Batting: LHB Tom McNew 0-0: Swinging Strike
0-1: Ball
1-1: Foul Ball, location: 2F
1-2: Strikes out swinging
Batting: RHB Townes Zhan 0-0: Fly out, F7 (Flyball, 78M, EV 75.0 MPH)
Batting: LHB Brendan Anderson 0-0: Ball
1-0: Called Strike
1-1: Ball
2-1: Ball
3-1: Base on Balls
Batting: RHB Tre Daalhuizen 0-0: Called Strike
0-1: Ball
1-1: Ball
2-1: Foul Ball, location: 2F
2-2: Strikes out swinging
Bottom of the 6th over - 0 runs, 0 hits, 0 errors, 1 left on base; Vicksburg 2 - Erie 3
TOP OF THE 7TH
Vicksburg Dirtbags batting - Pitching for Erie Roadrunners : RHP Carson Courtney
Batting: LHB Johnathan Weeks 0-0: Called Strike
0-1: Foul Ball, location: 2F
0-2: Ball
1-2: Ground out 4-3 (Groundball, 4, EV 110.6 MPH)
Batting: RHB LaVonne Koo 0-0: Ball
1-0: Ground out 3-1 (Groundball, 34, EV 106.9 MPH)
Batting: LHB Samuel Hamblin 0-0: Fly out, F7 (Flyball, 78S, EV 78.8 MPH)
Top of the 7th over - 0 runs, 0 hits, 0 errors, 0 left on base; Vicksburg 2 - Erie 3
BOTTOM OF THE 7TH
Erie Roadrunners batting - Pitching for Vicksburg Dirtbags : RHP Wes Morgan
Batting: RHB Braydon Makris 0-0: Ball
1-0: Foul Ball, location: 2F
1-1: Ball
2-1: SINGLE (Line Drive, 8RS, EV 94.4 MPH)
Pitching: LHP Ricky Sharpton
Batting: RHB Israel Coates 0-0: Sac Bunt to 3S - play at first, batter OUT! 3-4
Braydon Makris to second
Batting: RHB Chandler Penrod 0-0: Ball
1-0: Ball
2-0: Called Strike
2-1: SINGLE (Line Drive, 9S, EV 91.9 MPH)
Braydon Makris to third
Runner from 3rd tries for Home, SAFE, throw by RF to home
Batting: SHB Spencer Buccheri 0-0: Called Strike
0-1: Foul Ball, location: 2F
0-2: Ball
1-2: Ball
2-2: Foul Ball, location: 2F
2-2: Fly out, F7 (Flyball, 7S, EV 90.0 MPH)
Batting: LHB Blake Coursey 0-0: Ball
1-0: Called Strike
1-1: Foul Ball, location: 2F
1-2: Foul Ball, location: 2F
1-2: Strikes out swinging
Bottom of the 7th over - 1 run, 2 hits, 0 errors, 1 left on base; Vicksburg 2 - Erie 4
TOP OF THE 8TH
Vicksburg Dirtbags batting - Pitching for Erie Roadrunners : RHP Carson Courtney
Batting: RHB Riley Rockow 0-0: Foul Ball, location: 2F
0-1: Ground out 6-3 (Groundball, 6MS, EV 62.5 MPH)
Batting: RHB Mat Portillo 0-0: Called Strike
0-1: Ball
1-1: Ball
2-1: Swinging Strike
2-2: SINGLE (Groundball, 4MD, EV 95.0 MPH)
Batting: RHB Kenya Kindahl 0-0: Ball
1-0: Grounds into double play, 5-4-3 (Groundball, 56D, EV 105.6 MPH)
Top of the 8th over - 0 runs, 1 hit, 0 errors, 0 left on base; Vicksburg 2 - Erie 4
BOTTOM OF THE 8TH
Erie Roadrunners batting - Pitching for Vicksburg Dirtbags : LHP Ricky Sharpton
Pitching: LHP Abe McCrary
Batting: LHB Tom McNew 0-0: Ground out 5-3 (Groundball, 25, EV 68.1 MPH)
Batting: RHB Townes Zhan 0-0: Ball
1-0: Ball
2-0: Foul Ball, location: 2F
2-1: Foul Ball, location: 2F
2-2: Ball
3-2: SINGLE (Groundball, 6D, EV 101.9 MPH)
Batting: LHB Brendan Anderson 0-0: Ball
1-0: Called Strike
1-1: Grounds into double play, 4-6-3 (Groundball, 4, EV 106.2 MPH)
Bottom of the 8th over - 0 runs, 1 hit, 0 errors, 0 left on base; Vicksburg 2 - Erie 4
TOP OF THE 9TH
Vicksburg Dirtbags batting - Pitching for Erie Roadrunners : RHP Carson Courtney
Pitching: RHP Grayson Card
Batting: RHB Andy Bernard 0-0: Foul Ball, location: 2F
0-1: Foul Ball, location: 2F
0-2: Ball
1-2: Strikes out swinging
Batting: LHB Owen Kropp 0-0: Ground out U3 (Groundball, 34, EV 80.0 MPH)
Batting: RHB Nathan Stiso 0-0: Ball
1-0: Swinging Strike
1-1: Ball
2-1: Ball
3-1: SINGLE (Groundball, 6D, EV 100.6 MPH)
Batting: LHB Johnathan Weeks 0-0: Ball
1-0: Called Strike
1-1: Swinging Strike
1-2: Foul Ball, location: 2F
1-2: Fly out, F7 (Flyball, 78M, EV 95.6 MPH)
Top of the 9th over - 0 runs, 1 hit, 0 errors, 1 left on base; Vicksburg 2 - Erie 4
Monday, April 29th , 2024 - OOTP Baseball 23.10 Build 110